TOP OF THE 1ST |
Detroit Red Wings batting - Pitching for Hamilton Cardinals : LHP J.T. Ready
|
Pitching: LHP J.T. Ready
|
|
Batting: RHB António Scarlett
|
0-0: Ball 1-0: Called Strike 1-1: Called Strike 1-2: Ball 2-2: Foul Ball, location: 2F 2-2: Foul Ball, location: 2F 2-2: Ball 3-2: Strikes out swinging
|
Batting: LHB Duda Pinho
|
0-0: Swinging Strike 0-1: Foul Ball, location: 2F 0-2: Ball 1-2: Strikes out swinging
|
Batting: RHB Alex Duarte
|
0-0: Ball 1-0: Ball 2-0: Foul Ball, location: 2F 2-1: SINGLE (Line Drive, 56D, EV 103.1 MPH)
|
Batting: LHB Iestyn Peacock
|
0-0: Ball 1-0: Called Strike 1-1: Ball 2-1: Fly out, F5 (Popup, 5F, EV 67.5 MPH)
|
Top of the 1st over - 0 runs, 1 hit, 0 errors, 1 left on base; Detroit 0 - Hamilton 0 |
BOTTOM OF THE 1ST |
Hamilton Cardinals batting - Pitching for Detroit Red Wings : RHP Adan Van Slyke
|
Pitching: RHP Adan Van Slyke
|
|
Batting: SHB J.T. Ready
|
0-0: Ball 1-0: Ball 2-0: Ball 3-0: Called Strike 3-1: Foul Ball, location: 2F 3-2: Foul Ball, location: 2F 3-2: Fly out, F7 (Line Drive, 7, EV 103.8 MPH)
|
Batting: LHB Rafael Banda
|
0-0: Called Strike 0-1: Ball 1-1: SINGLE (Groundball, 4MS, EV 67.5 MPH) (infield hit)
|
Batting: RHB Shou-feng Chang
|
0-0: Called Strike 0-1: Ball 1-1: Ball 2-1: Swinging Strike 2-2: Strikes out swinging
|
Batting: LHB Pete Mitchell
|
0-0: Ball 1-0: SINGLE (Line Drive, 9LM, EV 107.5 MPH) Rafael Banda to second
|
Batting: SHB Jae-hong Kym
|
0-0: Ball 1-0: Called Strike 1-1: Ball 2-1: Ball 3-1: Foul Ball, location: 2F 3-2: Strikes out swinging
|
Bottom of the 1st over - 0 runs, 2 hits, 0 errors, 2 left on base; Detroit 0 - Hamilton 0 |
TOP OF THE 2ND |
Detroit Red Wings batting - Pitching for Hamilton Cardinals : LHP J.T. Ready
|
Batting: RHB Harry Tugnut
|
0-0: Ground out 5-3 (Groundball, 56S, EV 83.8 MPH)
|
Batting: RHB Dustin Bursell
|
0-0: Swinging Strike 0-1: Called Strike 0-2: Strikes out swinging
|
Batting: LHB Simon Barry
|
0-0: Foul Ball, location: 2F 0-1: Foul Ball, location: 2F 0-2: Ground out 4-3 (Groundball, 34D, EV 106.9 MPH)
|
Top of the 2nd over - 0 runs, 0 hits, 0 errors, 0 left on base; Detroit 0 - Hamilton 0 |
BOTTOM OF THE 2ND |
Hamilton Cardinals batting - Pitching for Detroit Red Wings : RHP Adan Van Slyke
|
Batting: RHB Matt Shaw
|
0-0: Ball 1-0: Ball 2-0: Called Strike 2-1: Swinging Strike 2-2: Foul Ball, location: 2F 2-2: Foul Ball, location: 2F 2-2: Strikes out swinging
|
Batting: RHB Oscar Higareda
|
0-0: Ball 1-0: Ball 2-0: Foul Ball, location: 2F 2-1: Swinging Strike 2-2: Strikes out swinging
|
Batting: SHB Brad Meyer
|
0-0: Fly out, F5 (Popup, 25, EV 90.0 MPH)
|
Bottom of the 2nd over - 0 runs, 0 hits, 0 errors, 0 left on base; Detroit 0 - Hamilton 0 |
TOP OF THE 3RD |
Detroit Red Wings batting - Pitching for Hamilton Cardinals : LHP J.T. Ready
|
Batting: RHB Carlos Avila
|
0-0: Called Strike 0-1: Ball 1-1: Ball 2-1: Ball 3-1: Base on Balls
|
Batting: SHB Roderick Speed
|
0-0: Ball 1-0: Swinging Strike 1-1: DOUBLE (Flyball, 8RD, EV 110.0 MPH) Carlos Avila to third
|
Batting: RHB António Scarlett
|
0-0: Ball 1-0: Ball 2-0: Fly out, F9 (Flyball, 9D, EV 100.6 MPH) Runner from 3rd tags up, OUT at HOME! 9-2 Roderick Speed to third
|
Batting: LHB Duda Pinho
|
0-0: Called Strike 0-1: Ball 1-1: Ball 2-1: Ground out 4-3 (Groundball, 34D, EV 96.9 MPH)
|
Top of the 3rd over - 0 runs, 1 hit, 0 errors, 1 left on base; Detroit 0 - Hamilton 0 |
BOTTOM OF THE 3RD |
Hamilton Cardinals batting - Pitching for Detroit Red Wings : RHP Adan Van Slyke
|
Batting: SHB Felipe Campanella
|
0-0: Foul Ball, location: 2F 0-1: Swinging Strike 0-2: Strikes out swinging
|
Batting: SHB J.T. Ready
|
0-0: Foul Ball, location: 2F 0-1: Foul Ball, location: 2F 0-2: Ball 1-2: Strikes out swinging
|
Batting: LHB Rafael Banda
|
0-0: Ball 1-0: Ball 2-0: Ball 3-0: Called Strike 3-1: Foul Ball, location: 2F 3-2: Foul Ball, location: 2F 3-2: Base on Balls
|
Batting: RHB Shou-feng Chang
|
0-0: Called Strike 0-1: Ball 1-1: Ball 2-1: Fly out, F2 (Popup, 2L, EV 91.9 MPH)
|
Bottom of the 3rd over - 0 runs, 0 hits, 0 errors, 1 left on base; Detroit 0 - Hamilton 0 |
TOP OF THE 4TH |
Detroit Red Wings batting - Pitching for Hamilton Cardinals : LHP J.T. Ready
|
Batting: RHB Alex Duarte
|
0-0: Called Strike 0-1: Called Strike 0-2: Ball 1-2: Ball 2-2: Ball 3-2: Base on Balls
|
Batting: LHB Iestyn Peacock
|
0-0: Called Strike 0-1: Foul Ball, location: 2F 0-2: Ball 1-2: Ball 2-2: Strikes out swinging
|
Batting: RHB Harry Tugnut
|
0-0: Ball 1-0: Ball 2-0: Called Strike 2-1: Ball 3-1: Swinging Strike 3-2: Foul Ball, location: 2F 3-2: Base on Balls Alex Duarte to second
|
Batting: RHB Dustin Bursell
|
0-0: Foul Ball, location: 2F 0-1: Called Strike 0-2: Ball 1-2: Ball 2-2: Fly out, F9 (Flyball, 9LD, EV 91.9 MPH) Runner from 2nd tags up, SAFE at 3rd, no throw by RF
|
Batting: LHB Simon Barry
|
0-0: Called Strike 0-1: Swinging Strike 0-2: Ball 1-2: Strikes out looking
|
Top of the 4th over - 0 runs, 0 hits, 0 errors, 2 left on base; Detroit 0 - Hamilton 0 |
BOTTOM OF THE 4TH |
Hamilton Cardinals batting - Pitching for Detroit Red Wings : RHP Adan Van Slyke
|
Batting: LHB Pete Mitchell
|
0-0: Ball 1-0: Ground out 4-3 (Groundball, 4M, EV 83.8 MPH)
|
Batting: SHB Jae-hong Kym
|
0-0: Called Strike 0-1: Ground out 5-3 (Groundball, 56, EV 103.1 MPH)
|
Batting: RHB Matt Shaw
|
0-0: Called Strike 0-1: Swinging Strike 0-2: Strikes out looking
|
Bottom of the 4th over - 0 runs, 0 hits, 0 errors, 0 left on base; Detroit 0 - Hamilton 0 |
TOP OF THE 5TH |
Detroit Red Wings batting - Pitching for Hamilton Cardinals : LHP J.T. Ready
|
Batting: RHB Carlos Avila
|
0-0: SINGLE (Line Drive, 8RS, EV 110.6 MPH)
|
Batting: SHB Roderick Speed
|
0-0: Called Strike 0-1: Ball 1-1: Ball 2-1: Fly out, F8 (Flyball, 78M, EV 72.5 MPH)
|
Batting: RHB António Scarlett
|
0-0: Called Strike 0-1: Foul Ball, location: 2F 0-2: Foul Ball, location: 2F 0-2: Foul Ball, location: 2F 0-2: Ball 1-2: Strikes out looking
|
Pitching: RHP John Garrote
|
|
Batting: LHB Duda Pinho
|
0-0: Foul Ball, location: 2F 0-1: Ball 1-1: Ball 2-1: Ball 3-1: Base on Balls Carlos Avila to second
|
Batting: RHB Alex Duarte
|
0-0: Foul Ball, location: 2F 0-1: Foul Ball, location: 2F 0-2: Foul Ball, location: 2LF, Error on foul ball, E2 0-2: Ball 1-2: Foul Ball, location: 2F 1-2: Foul Ball, location: 2F 1-2: Ball 2-2: Strikes out swinging
|
Top of the 5th over - 0 runs, 1 hit, 1 error, 2 left on base; Detroit 0 - Hamilton 0 |
BOTTOM OF THE 5TH |
Hamilton Cardinals batting - Pitching for Detroit Red Wings : RHP Adan Van Slyke
|
Batting: RHB Oscar Higareda
|
0-0: Fly out, F8 (Flyball, 8RD, EV 95.0 MPH)
|
Batting: SHB Brad Meyer
|
0-0: Foul Ball, location: 2F 0-1: Ball 1-1: Swinging Strike 1-2: Foul Ball, location: 2F 1-2: Ball 2-2: Ball 3-2: Strikes out swinging
|
Batting: SHB Felipe Campanella
|
0-0: Called Strike 0-1: Foul Ball, location: 2F 0-2: Ball 1-2: Foul Ball, location: 2F 1-2: Ball 2-2: SOLO HOME RUN (Flyball, 9LD, EV 90.0 MPH), Distance : 343 ft
|
Batting: SHB J.T. Ready
|
0-0: Ball 1-0: Swinging Strike 1-1: Ball 2-1: Ball 3-1: Foul Ball, location: 2F 3-2: Foul Ball, location: 2F 3-2: Base on Balls
|
Batting: LHB Rafael Banda
|
0-0: Called Strike 0-1: Called Strike 0-2: Ball 1-2: Fly out, F5 (Popup, 6S, EV 59.4 MPH)
|
Bottom of the 5th over - 1 run, 1 hit, 0 errors, 1 left on base; Detroit 0 - Hamilton 1 |
TOP OF THE 6TH |
Detroit Red Wings batting - Pitching for Hamilton Cardinals : RHP John Garrote
|
Batting: LHB Iestyn Peacock
|
0-0: Ball 1-0: Ball 2-0: Ball 3-0: Called Strike 3-1: Base on Balls
|
Batting: RHB Harry Tugnut
|
0-0: Ball 1-0: Ball 2-0: Grounds into double play, 6-4-3 (Groundball, 6, EV 105.0 MPH)
|
Batting: RHB Dustin Bursell
|
0-0: Ground out 1-3 (Groundball, 34S, EV 69.4 MPH)
|
Top of the 6th over - 0 runs, 0 hits, 0 errors, 0 left on base; Detroit 0 - Hamilton 1 |
BOTTOM OF THE 6TH |
Hamilton Cardinals batting - Pitching for Detroit Red Wings : RHP Adan Van Slyke
|
Batting: RHB Shou-feng Chang
|
0-0: Ball 1-0: Ball 2-0: SINGLE (Flyball, 8RS, EV 88.8 MPH)
|
Batting: LHB Pete Mitchell
|
0-0: Called Strike 0-1: Ball 1-1: SINGLE (Line Drive, 4D, EV 103.8 MPH) Shou-feng Chang to second
|
Batting: SHB Jae-hong Kym
|
0-0: Grounds into double play, 2-4-3 (Groundball, 2L, EV 61.2 MPH) Shou-feng Chang to third
|
Batting: RHB Matt Shaw
|
0-0: Intentional Walk
|
Batting: RHB Oscar Higareda
|
0-0: Ball 1-0: Called Strike 1-1: Foul Ball, location: 2F 1-2: Strikes out looking
|
Bottom of the 6th over - 0 runs, 2 hits, 0 errors, 2 left on base; Detroit 0 - Hamilton 1 |
TOP OF THE 7TH |
Detroit Red Wings batting - Pitching for Hamilton Cardinals : RHP John Garrote
|
Batting: LHB Simon Barry
|
0-0: Ball 1-0: Swinging Strike 1-1: SOLO HOME RUN (Flyball, 89XD, EV 103.1 MPH), Distance : 431 ft
|
Batting: RHB Carlos Avila
|
0-0: Ball 1-0: Ball 2-0: Called Strike 2-1: Fly out, F2 (Popup, 2LF, EV 90.0 MPH)
|
Batting: SHB Roderick Speed
|
0-0: Foul Ball, location: 2F 0-1: Ground out 4-3 (Groundball, 4, EV 95.0 MPH)
|
Batting: RHB António Scarlett
|
0-0: Ball 1-0: Foul Ball, location: 2F 1-1: Foul Ball, location: 2F 1-2: Strikes out looking
|
Top of the 7th over - 1 run, 1 hit, 0 errors, 0 left on base; Detroit 1 - Hamilton 1 |
BOTTOM OF THE 7TH |
Hamilton Cardinals batting - Pitching for Detroit Red Wings : RHP Adan Van Slyke
|
Batting: SHB Brad Meyer
|
0-0: Ball 1-0: Ball 2-0: Ball 3-0: Base on Balls
|
Batting: SHB Felipe Campanella
|
0-0: Ball 1-0: Called Strike 1-1: Ball 2-1: Ball 3-1: Foul Ball, location: 2F 3-2: Strikes out swinging
|
Pitching: RHP Alvaro Patino
|
|
Batting: SHB J.T. Ready
|
0-0: Ball 1-0: Called Strike 1-1: Ball 2-1: Grounds into double play, 6-4-3 (Groundball, 6M, EV 109.4 MPH)
|
Bottom of the 7th over - 0 runs, 0 hits, 0 errors, 0 left on base; Detroit 1 - Hamilton 1 |
TOP OF THE 8TH |
Detroit Red Wings batting - Pitching for Hamilton Cardinals : RHP John Garrote
|
Batting: LHB Duda Pinho
|
0-0: Called Strike 0-1: Fly out, F7 (Line Drive, 7, EV 92.5 MPH)
|
Pinch Hitting: LHB Ryan Adams
|
0-0: Swinging Strike 0-1: Ball 1-1: Ball 2-1: Foul Ball, location: 2F 2-2: Ball 3-2: Ground out 6-3 (Groundball, 56, EV 89.4 MPH)
|
Pitching: LHP Tim Dyer
|
|
Batting: LHB Iestyn Peacock
|
0-0: Ball 1-0: Foul Ball, location: 2F 1-1: Ball 2-1: SINGLE (Groundball, 3D, EV 107.5 MPH)
|
Pitching: LHP Craig Soole
|
|
Batting: RHB Harry Tugnut
|
0-0: Ball 1-0: Called Strike 1-1: Ball 2-1: Ball 3-1: Foul Ball, location: 2F 3-2: SINGLE (Groundball, 6MD, EV 94.4 MPH) Iestyn Peacock to second Iestyn Peacock to third
|
Batting: RHB Dustin Bursell
|
0-0: Fly out, F8 (Flyball, 8LD, EV 104.4 MPH)
|
Top of the 8th over - 0 runs, 2 hits, 0 errors, 2 left on base; Detroit 1 - Hamilton 1 |
BOTTOM OF THE 8TH |
Hamilton Cardinals batting - Pitching for Detroit Red Wings : RHP Alvaro Patino
|
Now at SS: Ryan Adams
|
|
Batting: LHB Rafael Banda
|
0-0: SOLO HOME RUN (Flyball, 8RXD, EV 117.5 MPH), Distance : 473 ft
|
Batting: RHB Shou-feng Chang
|
0-0: Called Strike 0-1: Swinging Strike 0-2: Strikes out swinging
|
Batting: LHB Pete Mitchell
|
0-0: Fly out, F9 (Flyball, 9D, EV 103.1 MPH)
|
Batting: SHB Jae-hong Kym
|
0-0: Ball 1-0: Ball 2-0: Foul Ball, location: 2F 2-1: Ball 3-1: SOLO HOME RUN (Flyball, 78XD, EV 103.8 MPH), Distance : 414 ft
|
Pinch Hitting: SHB Kelly Brooks
|
0-0: Ball 1-0: Called Strike 1-1: Foul Ball, location: 2F 1-2: Strikes out swinging
|
Bottom of the 8th over - 2 runs, 2 hits, 0 errors, 0 left on base; Detroit 1 - Hamilton 3 |
TOP OF THE 9TH |
Detroit Red Wings batting - Pitching for Hamilton Cardinals : LHP Craig Soole
|
Pitching: RHP David Lopez
|
|
Now in LF: Diego Herrera
|
|
Batting: LHB Simon Barry
|
0-0: Ball 1-0: Called Strike 1-1: Swinging Strike 1-2: Ball 2-2: Strikes out swinging
|
Pinch Hitting: SHB Isaiah Bias
|
0-0: Ball 1-0: Foul Ball, location: 2F 1-1: Swinging Strike 1-2: Ball 2-2: Ground out 4-3 (Groundball, 4, EV 83.1 MPH)
|
Pinch Hitting: RHB John Barton
|
0-0: Called Strike 0-1: Ball 1-1: Called Strike 1-2: Foul Ball, location: 2F 1-2: Ball 2-2: Ground out 4-3 (Groundball, 4, EV 79.4 MPH)
|
Top of the 9th over - 0 runs, 0 hits, 0 errors, 0 left on base; Detroit 1 - Hamilton 3 |
|